Map: 데이터-C

Players

Has - Winner!

  • Race: Protoss Protoss
  • Spawn Location: 9:00

ByuN

  • Race: Terran Terran
  • Spawn Location: 3:00

Event: DreamHack SC2 Masters 2022 Atlanta (Offline)

VOD

Have the link to the VOD?

Description

Time

  • Played on: Nov. 18, 2022, 5:28 p.m.
  • Length: 20:46

All games in this series

Show
View Real Time Build Order
Export as new Build Order

Has Protoss - Winner!

Build Orders: 1 Gate Expand, Double Forge 

Get SALT Encoding   

  12  0:00  Probe  
  13  0:12  Probe  
  14  0:17  Pylon  
  14  0:24  Probe (Chrono Boost)  
  16  0:36  Gateway  
  16  0:37  Probe (Chrono Boost)  
  16  0:41  Probe (Chrono Boost)  
  16  0:46  Assimilator  
  17  0:52  Probe  
  18  1:04  Probe  
  19  1:18  Nexus  
  19  1:21  Probe  
  20  1:30  Cybernetics Core  
  20  1:33  Probe  
  20  1:39  Assimilator  
  21  1:46  Probe  
  22  1:49  Pylon  
  22  1:58  Probe  
  23  2:04  Stalker (Chrono Boost)  
  23  2:07  Warp Gate  
  25  2:10  Probe  
  26  2:18  Twilight Council  
  26  2:22  Probe (Chrono Boost)  
  27  2:27  Stalker  
  29  2:32  Probe (Chrono Boost)  
  29  2:34  Probe (Chrono Boost)  
  31  2:41  Probe (Chrono Boost)  
  31  2:42  Probe (Chrono Boost)  
  33  2:46  Probe (Chrono Boost)  
  33  2:48  Probe  
  35  2:54  Charge  
  36  3:00  Probe  
  36  3:01  Probe  
  37  3:12  Gateway  
  39  3:22  Nexus, Probe  
  39  3:24  Probe  
  38  3:32  Shield Battery  
  38  3:34  Probe  
  37  3:36  Probe  
  37  3:44  Gateway  
  36  3:48  Gateway  
  36  3:50  Probe  
  36  3:51  Probe  
  36  3:55  Forge  
  38  4:00  Stalker  
  38  4:02  Probe  
  41  4:03  Probe  
  41  4:08  Pylon  
  42  4:14  Probe  
  42  4:16  Zealot  
  45  4:19  Protoss Ground Weapons Level 1 (Chrono Boost), Forge, Probe  
  46  4:26  Probe  
  46  4:28  Pylon  
  47  4:31  Probe  
  47  4:37  Zealot  
  47  4:38  Robotics Facility  
  50  4:43  Zealot  
  52  4:46  Probe x2  
  52  4:48  Protoss Ground Armor Level 1 (Chrono Boost)  
  52  4:49  Probe  
  55  4:58  Probe x2  
  57  5:01  Probe  
  57  5:07  Zealot x2  
  60  5:14  Probe (Chrono Boost)  
  63  5:19  Probe x2 (Chrono Boost)  
  65  5:24  Shield Battery, Pylon  
  65  5:26  Observer (Chrono Boost)  
  67  5:29  Probe (Chrono Boost)  
  67  5:30  Probe (Chrono Boost), Pylon  
  67  5:32  Probe (Chrono Boost)  
  69  5:35  Gateway  
  69  5:36  Probe  
  69  5:38  Gateway  
  69  5:40  Pylon  
  70  5:43  Probe x2  
  71  5:53  Stalker x3  
  71  5:54  Probe  
  71  5:55  Probe  
  77  6:00  Probe  
  77  6:06  Probe  
  77  6:07  Photon Cannon, Probe  
  79  6:11  Photon Cannon  
  79  6:13  Observer (Chrono Boost)  
  81  6:19  Pylon  
  81  6:21  Zealot x2  
  84  6:27  Probe x2  
  85  6:36  Blink (Chrono Boost)  
  85  6:38  Nexus  
  85  6:39  Probe  
  86  6:43  Probe x2  
  87  6:48  Photon Cannon  
  87  6:51  Zealot x2  
  91  6:54  Pylon  
  91  6:55  Observer  
  91  7:01  Probe x2, Gateway  
  92  7:02  Probe  
  92  7:03  Gateway  
  94  7:13  Probe  
  95  7:18  Zealot  
  95  7:19  Zealot x5  
  95  7:22  Immortal (Chrono Boost)  
  107  7:28  Pylon  
  107  7:29  Pylon  
  111  7:30  Probe  
  111  7:31  Probe  
  111  7:32  Probe  
  111  7:36  Protoss Ground Weapons Level 2 (Chrono Boost)  
  114  7:43  Probe x2  
  116  7:50  Zealot  
  117  7:51  Zealot  
  117  7:52  Zealot x4  
  117  7:54  Probe  
  117  7:56  Probe x2  
  117  7:57  Probe  
  131  8:02  Zealot x2  
  135  8:08  Probe  
  135  8:09  Probe  
  135  8:10  Probe  
  135  8:12  Pylon  
  138  8:14  Zealot  
  138  8:15  Zealot x4  
  147  8:20  Probe  
  147  8:24  Shield Battery  
  147  8:26  Warp Prism (Chrono Boost), Pylon  
  148  8:29  Robotics Bay  
  148  8:30  Zealot x3  
  148  8:32  Probe x2  
  154  8:35  Zealot  
  154  8:41  Pylon  
  154  8:42  Pylon  
  154  8:45  Pylon  
  154  8:47  Sentry, Pylon  
  156  8:49  Assimilator  
  156  8:50  Assimilator  
  156  8:51  Probe x3  
  156  8:52  Probe  
  156  8:54  Nexus  
  160  8:56  Protoss Ground Armor Level 2 (Chrono Boost), Photon Cannon  
  160  8:57  Pylon x2  
  160  9:05  Zealot x6  
  172  9:19  Colossus (Chrono Boost)  
  173  9:28  Zealot x3  
  173  9:29  Zealot  
  181  9:33  Gateway  
  181  9:34  Gateway  
  181  9:37  Gateway  
  181  9:41  Gateway  
  181  9:44  Gateway  
  181  9:48  Zealot  
  181  9:49  Zealot x7  
  181  9:51  Protoss Ground Weapons Level 3 (Chrono Boost)  
  179  10:03  Colossus (Chrono Boost)  
  171  10:10  Probe x4  
  171  10:12  Probe  
  171  10:14  Photon Cannon  
  176  10:15  Photon Cannon  
  176  10:17  Shield Battery  
  176  10:19  Assimilator  
  176  10:22  Probe  
  176  10:23  Assimilator  
  177  10:32  Probe x2  
  177  10:33  Probe  
  177  10:34  Zealot x10  
  200  10:42  Photon Cannon  
  200  10:44  Pylon  
  200  10:47  Extended Thermal Lance (Chrono Boost)  
  200  10:53  Robotics Facility  
  200  10:54  Robotics Facility  
  200  10:55  Nexus  
  200  10:56  Pylon  
  194  11:10  Zealot x11  
  153  11:18  Observer  
  147  11:26  Zealot x2  
  147  11:30  Stalker  
  147  11:31  Zealot, Stalker x2  
  147  11:32  Zealot x7  
  171  11:42  Probe  
  171  11:43  Protoss Ground Armor Level 3 (Chrono Boost)  
  171  11:45  Photon Cannon  
  172  11:47  Photon Cannon  
  172  11:48  Shield Battery  
  172  11:52  Sentry  
  172  11:53  Zealot x6  
  172  11:54  Zealot x6  
  196  12:14  Zealot x6  
  196  12:15  Zealot x5  
  178  12:18  Zealot x2  
  160  12:23  Disruptor x3 (Chrono Boost)  
  167  12:37  Protoss Shields Level 1 (Chrono Boost)  
  167  12:40  Templar Archives  
  167  12:42  Stalker x5  
  167  12:43  Stalker x4  
  185  12:47  Probe x2  
  185  12:48  Probe  
  188  12:54  Disruptor (Chrono Boost)  
  188  12:55  Disruptor (Chrono Boost)  
  164  13:13  Disruptor (Chrono Boost)  
  164  13:16  Observer  
  156  13:21  Zealot x12  
  156  13:22  Zealot  
  156  13:26  Disruptor (Chrono Boost)  
  178  13:32  Observer (Chrono Boost)  
  182  13:35  Probe x4  
  186  13:59  Zealot  
  186  14:00  Zealot x6  
  186  14:04  Zealot x6  
  173  14:19  Zealot  
  173  14:20  Zealot x6  
  173  14:23  Disruptor  
  173  14:24  Disruptor x2  
  177  14:25  Stalker  
  177  14:26  Stalker x5  
  195  14:37  Pylon  
  195  14:42  Zealot  
  195  14:43  Zealot x4, Pylon  
  195  14:44  Nexus  
  170  14:57  Zealot  
  170  14:58  Zealot x6  
  162  15:03  Zealot x8  
  162  15:04  Zealot x5  
  162  15:06  Probe  
  154  15:09  Disruptor x2 (Chrono Boost)  
  151  15:16  Probe  
  151  15:18  Disruptor (Chrono Boost)  
  151  15:19  Probe, Assimilator  
  151  15:21  Assimilator  
  150  15:23  Pylon  
  150  15:24  Stalker x11  
  150  15:25  Stalker x2  
  170  15:45  Nexus  
  170  15:47  Pylon  
  161  15:51  Zealot x6  
  157  15:59  Zealot x7  
  157  16:03  Probe x3  
  168  16:05  Probe x2  
  164  16:13  Disruptor x2  
  156  16:22  Zealot x9  
  143  16:33  Disruptor (Chrono Boost)  
  143  16:38  Zealot x4  
  148  16:49  Observer (Chrono Boost)  
  148  16:50  Observer (Chrono Boost)  
  147  16:55  Zealot  
  147  16:56  Zealot x7  
  163  17:03  Stalker  
  163  17:05  Zealot x3  
  147  17:36  Zealot x3  
  147  17:37  Zealot x10  
  171  17:54  Probe x3  
  174  17:59  Probe  
  174  18:00  Zealot x7  
  174  18:01  Zealot x5  
  165  18:24  Zealot x3  
  165  18:25  Zealot x2  
  165  18:26  Zealot x8  
  166  18:45  Zealot x5  
  166  18:46  Zealot x6  
  169  18:57  Stalker x2  
  173  19:03  Photon Cannon  
  173  19:05  Shield Battery  
  173  19:07  Stalker  
  173  19:08  Stalker x4  
  183  19:10  Disruptor  
  184  19:34  Disruptor (Chrono Boost)  
  184  19:35  Disruptor (Chrono Boost)  
  185  19:45  Zealot x10  
  199  20:06  Nexus  
  172  20:07  Disruptor (Chrono Boost)  
  172  20:08  Pylon  
  166  20:14  Zealot x6  
  166  20:15  Zealot  
  166  20:17  Disruptor (Chrono Boost)  
  150  20:43  Zealot x9  
  150  20:44  Zealot x2  
Show
View Real Time Build Order
Export as new Build Order

ByuN Terran 

Build Orders:  

Get SALT Encoding   

  12  0:00  SCV  
  13  0:12  SCV  
  14  0:17  Supply Depot  
  14  0:24  SCV  
  15  0:38  SCV  
  15  0:40  Barracks  
  16  0:43  Refinery  
  16  0:50  SCV  
  16  0:52  Refinery  
  17  1:02  SCV  
  18  1:14  SCV  
  19  1:27  Reaper, Orbital Command  
  19  1:28  Supply Depot  
  20  1:41  Factory  
  20  1:53  SCV  
  21  1:59  Reaper  
  22  2:05  SCV  
  23  2:17  SCV  
  23  2:21  Command Center  
  24  2:27  Hellion  
  24  2:29  SCV  
  27  2:32  Barracks Reactor  
  27  2:40  Starport  
  27  2:42  SCV  
  28  2:48  Supply Depot  
  28  2:53  Widow Mine  
  28  2:55  SCV  
  31  3:10  SCV  
  31  3:12  Marine x2  
  34  3:16  Widow Mine  
  36  3:22  SCV  
  37  3:29  Marine  
  37  3:30  Marine  
  39  3:34  SCV  
  39  3:38  Factory Tech Lab  
  39  3:40  Orbital Command  
  38  3:42  Medivac  
  38  3:47  Supply Depot, SCV, Marine x2  
  43  3:59  SCV  
  44  4:02  Barracks  
  44  4:05  Marine x2  
  44  4:06  SCV, Factory Tech Lab  
  47  4:14  SCV  
  47  4:17  Supply Depot  
  48  4:18  Supply Depot, SCV  
  48  4:19  Cloaking Field  
  48  4:23  Banshee  
  52  4:26  Marine  
  52  4:27  Marine  
  52  4:30  SCV x2  
  56  4:35  Siege Tank  
  59  4:42  Supply Depot, SCV x2  
  61  4:46  Marine x2  
  63  4:54  SCV x2  
  63  4:56  Barracks  
  65  5:06  SCV x2  
  65  5:07  Marine x2  
  63  5:12  Banshee  
  66  5:15  Supply Depot  
  66  5:17  Factory Reactor  
  66  5:18  SCV x2  
  68  5:22  Engineering Bay  
  68  5:24  Stimpack, Marine x3  
  71  5:32  Refinery  
  71  5:33  SCV x2  
  73  5:40  Supply Depot  
  73  5:42  Marine x3  
  74  5:46  SCV x2  
  78  5:55  Supply Depot  
  78  6:03  Marine  
  78  6:04  Marine  
  77  6:05  Marauder x2, Factory Reactor  
  77  6:08  Command Center, Combat Shield  
  85  6:12  Refinery  
  85  6:14  Terran Infantry Weapons Level 1  
  85  6:15  SCV x2  
  83  6:21  Marine x2  
  83  6:25  Barracks  
  82  6:26  Marauder x2  
  82  6:32  Medivac x2  
  89  6:34  SCV  
  89  6:38  Barracks  
  90  6:45  Marine x2  
  90  6:47  SCV x2  
  94  6:48  Engineering Bay  
  94  6:49  Supply Depot  
  94  6:54  Marauder x2  
  98  6:56  Widow Mine  
  98  6:57  Widow Mine  
  102  7:07  Supply Depot x2  
  102  7:11  SCV x2  
  102  7:12  Medivac  
  102  7:13  Medivac  
  108  7:16  Marine x2  
  108  7:20  Marauder x2  
  108  7:21  Barracks Reactor  
  114  7:22  Terran Infantry Armor Level 1  
  114  7:25  Barracks Tech Lab  
  114  7:31  Widow Mine x2  
  114  7:32  SCV x2  
  120  7:40  Orbital Command  
  120  7:41  Armory  
  120  7:44  SCV x2  
  122  7:50  Supply Depot, Concussive Shells  
  122  7:56  Marauder x2  
  122  7:57  SCV x2, Marine  
  130  8:00  Marine x3  
  130  8:01  Marine  
  132  8:07  Supply Depot  
  132  8:09  SCV x3  
  135  8:16  Medivac x2, Widow Mine x2  
  143  8:21  SCV x3  
  143  8:23  Supply Depot  
  143  8:24  Supply Depot  
  146  8:33  Engineering Bay, Armory  
  146  8:40  Marauder x3  
  146  8:41  Marine x2  
  153  8:43  SCV x3  
  153  8:47  Refinery x2  
  153  8:48  Terran Infantry Weapons Level 2  
  156  9:00  Supply Depot  
  156  9:01  Marauder x2  
  156  9:02  Marauder  
  167  9:06  Medivac x2, Marine x3  
  167  9:07  Marine  
  173  9:15  Command Center  
  170  9:17  SCV x2  
  170  9:23  Marauder x3  
  178  9:25  Terran Infantry Armor Level 2  
  178  9:27  Missile Turret  
  178  9:28  Marine x2  
  178  9:29  Marine  
  181  9:37  Supply Depot  
  181  9:38  Supply Depot  
  181  9:39  Marine  
  181  9:40  Supply Depot  
  182  9:53  SCV x2  
  182  9:55  SCV  
  182  9:59  Viking x2  
  183  10:05  SCV  
  179  10:11  Marine x4  
  179  10:12  Sensor Tower, Marauder x3  
  190  10:16  Refinery  
  190  10:20  Supply Depot  
  188  10:22  Supply Depot  
  188  10:24  Sensor Tower  
  188  10:29  Medivac x2  
  188  10:30  Missile Turret  
  192  10:39  Ghost Academy  
  192  10:42  Marauder x2  
  196  10:43  Barracks x2  
  196  10:44  Barracks, Marine x3  
  199  10:56  SCV  
  200  11:03  Marauder  
  191  11:06  Marauder x2, Marine x3  
  191  11:07  Viking x2  
  173  11:18  Marine  
  173  11:24  Marauder, Marine x3  
  179  11:27  Marauder  
  179  11:28  SCV x3  
  184  11:35  Barracks Reactor, Barracks Tech Lab x2  
  184  11:37  Viking x2  
  188  11:40  SCV  
  188  11:41  Terran Infantry Weapons Level 3  
  188  11:47  Ghost  
  189  11:48  Missile Turret, Ghost  
  189  11:52  Planetary Fortress  
  193  11:56  Marauder  
  193  12:00  Ghost  
  193  12:01  Ghost  
  189  12:16  Marauder  
  189  12:18  Marauder x2  
  178  12:23  Viking  
  178  12:26  Viking  
  180  12:30  Marauder x2  
  180  12:36  Refinery  
  182  12:37  Refinery, Marauder  
  182  12:38  Sensor Tower, Marine x3, Ghost  
  182  12:39  Marine x3  
  182  12:41  Terran Infantry Armor Level 3  
  192  12:44  Enhanced Shockwaves  
  194  12:53  SCV x3  
  194  12:56  Marine x2  
  200  13:05  SCV  
  195  13:06  Ghost  
  195  13:08  Marauder x3  
  195  13:11  Marauder  
  189  13:13  Viking  
  188  13:22  Marine x2  
  188  13:24  Marine x2  
  188  13:25  Marine  
  188  13:26  Marine  
  194  13:29  Marauder  
  194  13:30  Marauder x2  
  200  13:38  Command Center  
  200  13:41  Terran Ship Weapons Level 1  
  200  13:45  Sensor Tower  
  199  13:50  Marauder  
  199  13:54  Marauder  
  199  13:55  Marauder x3, Marine x2  
  199  14:09  Marine x2  
  195  14:10  Marine x2  
  195  14:12  Marauder  
  195  14:15  Marauder  
  195  14:16  Marauder x2, Marine x2  
  195  14:17  Marauder  
  177  14:28  Marine x2  
  177  14:29  Widow Mine x2  
  183  14:33  Marauder  
  183  14:36  Marauder  
  183  14:38  Marauder x3  
  193  14:45  Marine x2  
  192  14:51  Widow Mine x2  
  185  14:54  Marauder  
  185  14:58  SCV x2, Marauder  
  185  14:59  Marauder x3  
  181  15:01  SCV  
  165  15:08  Medivac  
  165  15:10  SCV x2  
  165  15:12  Marine x3  
  165  15:13  SCV, Marine x3  
  170  15:16  Marauder  
  170  15:19  Marauder  
  170  15:20  Ghost  
  170  15:21  Marauder x2  
  179  15:22  SCV x2  
  179  15:29  Widow Mine  
  179  15:30  Widow Mine, Marine x3  
  179  15:34  Marine  
  187  15:37  Marauder  
  187  15:39  Marine x2  
  190  15:44  Marauder  
  190  15:45  Marauder  
  188  15:54  Marauder x2  
  189  15:58  Marine x4  
  189  15:59  Widow Mine, Marine  
  182  16:07  Planetary Fortress  
  182  16:08  Marine x2  
  182  16:09  Marauder  
  182  16:11  SCV x2  
  180  16:13  Marine  
  180  16:15  Marine  
  180  16:16  SCV  
  173  16:21  Marauder  
  173  16:23  SCV  
  161  16:26  Marauder  
  161  16:28  Marine  
  161  16:31  Medivac x2, Marauder  
  159  16:34  Marine x2  
  159  16:35  Marine  
  158  16:41  Marauder x2  
  147  16:57  Ghost x2  
  147  16:58  Ghost  
  147  17:01  Medivac x2  
  159  17:08  Marauder  
  159  17:09  Marauder  
  159  17:11  Marine  
  159  17:12  Marine x2  
  159  17:15  Widow Mine x2  
  168  17:18  Marine  
  162  17:28  Marauder x2  
  162  17:29  Marauder  
  160  17:31  Medivac x2, Marauder x2  
  160  17:36  Marine x3  
  165  17:45  Marine x3  
  165  17:47  Orbital Command  
  165  17:49  Marauder x2  
  165  17:50  Widow Mine x2  
  165  17:51  Marauder  
  178  17:52  Marauder, Ghost  
  178  17:54  Marine x3  
  183  18:01  Medivac  
  183  18:03  Marine x3  
  188  18:11  Marauder x2  
  188  18:12  Marauder  
  188  18:13  Ghost  
  188  18:17  Marine x2  
  182  18:20  Widow Mine  
  182  18:21  Marauder  
  182  18:30  Marine x2  
  182  18:32  Marauder x2  
  184  18:39  Marauder  
  184  18:40  Medivac  
  185  18:42  Widow Mine, Marauder  
  173  18:49  Marauder  
  173  18:53  Marauder  
  173  18:55  Marine, Ghost  
  156  18:56  Marine  
  156  18:58  Marine x2  
  156  19:01  Marine x2  
  153  19:07  Marine x2  
  155  19:10  Marauder  
  157  19:19  Orbital Command  
  157  19:20  Ghost  
  157  19:23  Ghost  
  152  19:25  Marauder  
  152  19:29  Marauder  
  151  19:34  Marine  
  151  19:35  Marine  
  144  19:40  SCV, Orbital Command  
  144  19:55  Marauder x2  
  144  19:56  Marauder  
  144  19:58  Marauder  
  152  20:01  Marauder  
  152  20:06  Marine x2  
  146  20:07  SCV  
  146  20:12  Marine x2  
  148  20:17  Marauder x2  
  148  20:22  Marine x3  
  148  20:23  Marine  
  148  20:25  Marauder  
Tags
 
Add a new tag
Caveats
  • Supply blocks, unpowered buildings, or Contaminate may cause inaccurate times.
  • Supply counts are checked every 10 seconds.